 Dungeon Crawl Stone Soup version 0.31-a0-640-g39d97e502b (webtiles) character file.

Game seed: 7852787307449465944

187 avis the Chopper (level 5, -3/48 HPs)
             Began as a Hill Orc Monk on Aug 27, 2023.
             Slain by a gnoll
             ... wielding a +0 spear
              (5 damage)
             ... on level 3 of the Dungeon.
             The game lasted 00:11:09 (2714 turns).

avis the Chopper (Hill Orc Monk)                    Turns: 2714, Time: 00:11:10

Health: -3/48      AC:  8    Str: 16    XL:     5   Next: 66%
Magic:  5/5        EV:  7    Int: 10    God:
Gold:   102        SH:  0    Dex: 13    Spells: 4/4 levels left

rFire   . . .        a - +0 hand axe
rCold   . . .        d - orb {light}
rNeg    . . .        f - +0 chain mail
rPois   .            (no helmet)
rElec   .            (no cloak)
rCorr   .            (no gloves)
SInv    .            (no boots)
Will    .....        (no amulet) Stlth
                     (no ring)
HPRegen 0.28/turn    (no ring)
MPRegen 0.09/turn

%: no passive effects
@: glowing
A: no striking features
a: no special abilities


You were on level 3 of the Dungeon.
You visited 1 branch of the dungeon, and saw 3 of its levels.

You collected 102 gold pieces.

Inventory:

Hand Weapons
 a - a +0 hand axe (weapon)
Missiles
 p - 40 stones
Armour
 b - a +0 robe
 d - an orb of light (worn)
 f - a +0 chain mail (worn)
Jewellery
 j - a ring of ice
Talismans
 g - a flux talisman
 i - a maw talisman
Wands
 q - a wand of flame (13)
 s - a wand of polymorph (6)
Scrolls
 h - 3 scrolls of blinking {unknown}
 k - 2 scrolls of identify {unknown}
 l - a scroll of fear {unknown}
 m - a scroll of poison {unknown}
 o - a scroll of amnesia {unknown}
 r - a scroll of enchant weapon {unknown}
Potions
 c - a potion of ambrosia
 e - a potion of lignification {unknown}
 n - a potion of degeneration {unknown}


   Skills:
 - Level 5.0 Fighting
 * Level 7.2 Axes
 + Level 0.3 Armour
 - Level 2.4 Dodging


You had 4 spell levels left.
You didn't know any spells.
Your spell library contained the following spells:

 Spells                   Type           Power      Damage    Failure   Level
 Freeze                   Ice            0%         1d3       99%         1
 Frozen Ramparts          Ice            0%         1d1       100%        3
 Hailstorm                Conj/Ice       0%         3d3       100%        3


Dungeon Overview and Level Annotations

Branches:
Dungeon (3/15)

Altars:

Shops:
D:2 *:   D:3 =

Annotations:
D:2 1 runed translucent door, exclusion: door, Crazy Yiuf


Message History

The gnoll attacks as it pursues you! The gnoll hits you with a +0 club.
The gnoll attacks as it pursues you!
The gnoll hits you from afar with a +0 halberd.
The gnoll attacks as it pursues you! The gnoll hits you but does no damage.
There is an open door here.
The gnoll attacks as it pursues you! The gnoll hits you but does no damage.
The gnoll attacks as it pursues you!
The gnoll hits you from afar with a +0 spear.
You hit the gnoll.
The gnoll is heavily wounded.
The gnoll hits you with a +0 club.
You hit the gnoll.
The gnoll is severely wounded.
The gnoll hits you but does no damage. x2
You hit the gnoll.
The gnoll is almost dead.
The gnoll hits you from afar with a +0 spear.
The gnoll barely misses you.
You hit the gnoll.
You kill the gnoll!
The gnoll hits you from afar with a +0 spear.
The gnoll attacks as it pursues you! The gnoll barely misses you.
The gnoll attacks as it pursues you!
The gnoll hits you from afar with a +0 spear.
* * * LOW HITPOINT WARNING * * *
The gnoll attacks as it pursues you!
The gnoll hits you from afar with a +0 spear!
* * * LOW HITPOINT WARNING * * *
The gnoll attacks as it pursues you! The gnoll hits you but does no damage.
Found 7 gold pieces.
The gnoll attacks as it pursues you! The gnoll hits you but does no damage.
The gnoll attacks as it pursues you!
The gnoll hits you from afar with a +0 spear.
* * * LOW HITPOINT WARNING * * *
The gnoll attacks as it pursues you!
The gnoll hits you from afar with a +0 spear.
* * * LOW HITPOINT WARNING * * *
The gnoll attacks as it pursues you!
The gnoll hits you from afar with a +0 spear.
You die...

.#...)......g..g..#
.#'###########.#..#
.......# #.#..####
...g...#
#.#..g..#.##
.......#
#.###.#.$..#
.#.#####
#.#.......... .#.#
#.#g#........ .#.#
#.#.########. .#.#
#@# ...##### #.#
...#.... ..#
♣#...♣♣ ....
....P.♣ .♣#.#
♣P♣..PP♣ ♣♣ ..#
♣♣♣.♣♣♣♣ #..
.♣..PP♣♣ .. .#.
♣.P..♣.♣...


You could see a gnoll.

Vanquished Creatures
  Terence (D:2)
  Natasha (thrice) (D:2)
  A gnoll (D:3)
  An adder (D:2)
  A worm (D:2)
  7 ball pythons
  4 bats (D:1)
  7 endoplasms
  3 giant cockroaches (D:2)
  5 hobgoblins
  6 jackals
  5 kobolds
  5 quokkas
  2 frilled lizards
  7 goblins
  2 rats (D:1)
60 creatures vanquished.

Notes
Turn   | Place    | Note
-------+----------+-------------------------------------------
     0 | D:1      | avis the Hill Orc Monk began the quest for the Orb.
     0 | D:1      | Reached XP level 1. HP: 19/19 MP: 1/1
    67 | D:1      | Reached XP level 2. HP: 27/27 MP: 2/2
   221 | D:1      | Reached skill level 5 in Axes
   296 | D:1      | Reached XP level 3. HP: 32/33 MP: 3/3
   314 | D:1      | Found a faded altar of an unknown god.
   946 | D:2      | Found a runed translucent door.
   947 | D:2      | Noticed Crazy Yiuf
  1026 | D:2      | Noticed Terence
  1075 | D:2      | Killed Terence
  1076 | D:2      | Reached XP level 4. HP: 30/41 MP: 4/4
  1286 | D:2      | Reached skill level 6 in Axes
  1304 | D:2      | Noticed Natasha
  1309 | D:2      | Killed Natasha
  1588 | D:2      | Found Afimakk's Book Shoppe.
  1996 | D:2      | Noticed Natasha
  2064 | D:2      | Killed Natasha
  2065 | D:2      | Reached XP level 5. HP: 45/47 MP: 5/5
  2097 | D:2      | Found Atiyma's General Store.
  2107 | D:2      | Reached skill level 5 in Fighting
  2298 | D:2      | Noticed Natasha
  2326 | D:2      | Killed Natasha
  2327 | D:2      | Reached skill level 7 in Axes
  2640 | D:3      | Found Maarof's Jewellery Shop.
  2712 | D:3      | HP: 1/48 [gnoll/+0 spear (2)]
  2714 | D:3      | Slain by a gnoll

Illustrated notes

Levels and vault maps discovered:
D:1:      amcnicky_arrival_flooded_fountain, layout_loops_ring,
          shapermc_ecumenical_altar_totnotflames
D:2:      layout_loops_corners, serial_shops, shop, shop, serial_rivers,
          chequers_serial_rivers_micro_a, chequers_serial_rivers_micro_e,
          chequers_serial_rivers_micro_b, chequers_serial_rivers_large_b,
          chequers_serial_rivers_micro_c, chequers_serial_rivers_micro_e,
          uniq_terence, uniq_crazy_yiuf_cottage, uniq_natasha
D:3:      wad_woods_tower, layout_basic, serial_shops, shop,
          gammafunk_ghost_split, hangedman_decor_growths, serial_park_tiny_pond,
          uniq_robin, uniq_sigmund, uniq_ijyb

Skill      XL: |  1  2  3  4  5 |
---------------+----------------+-----
Fighting       | 4 5 |  5.0
Axes           | 5 6 7 |  7.2
Armour         | |  0.3
Dodging        | |  2.4

Action                     |  1- 3 |  4- 6 || total
---------------------------+-------+-------++-------
  Melee: Hand axe          |    98 |    86 ||   184
         Unarmed           |       |     5 ||     5
 Armour: Robe              |     1 |       ||     1
         Chain mail        |    46 |    49 ||    95
         Skin              |       |    16 ||    16
  Dodge: Dodged            |    38 |    44 ||    82

Table legend: (Time is in decaauts)
 A = Elapsed time spent in this place.
 B = Non-inter-level travel time spent in this place.
 C = Inter-level travel time spent in this place.
 D = Time resting spent in this place.
 E = Time spent auto-exploring this place.
 F = Levels seen in this place.
 G = Mean time per level.
                   A        B        C        D        E       F      G
               +--------+--------+--------+--------+--------+-----+--------+
         Total |   2742 |   2428 |    314 |    154 |   1640 |   3 |  914.0 |
       Dungeon |   2742 |   2428 |    314 |    154 |   1640 |   3 |  914.0 |
               +--------+--------+--------+--------+--------+-----+--------+

Top non-repeatable levels by time:
     D:2: 1657 daAuts
     D:1: 935 daAuts
     D:3: 149 daAuts
